 Dungeon Crawl Stone Soup version 0.21.0 (webtiles) character file.

421 mopl the Slasher (level 6, 0/35 HPs)
             Began as a Tengu Skald on Jan 7, 2018.
             Slain by a gnoll
             ... wielding a +0 halberd
              (11 damage)
             ... on level 4 of the Dungeon.
             The game lasted 00:05:24 (3024 turns).

mopl the Slasher (Tengu Skald)                      Turns: 3024, Time: 00:05:25

Health: 0/35       AC:  3    Str: 11    XL:     6   Next: 94%
Magic:  9/10       EV: 12    Int: 14    God:
Gold:   205        SH:  3    Dex: 15    Spells: 1/9 levels left

rFire    . . .     SeeInvis .   a - +1 falchion (flame)
rCold    . . .     Gourm    .   (no shield)
rNeg     . . .     Faith    .   b - +0 leather armour
rPois    .         Spirit   .   (helmet restricted)
rElec    .         Reflect  +   (no cloak)
rCorr    .         Harm     .   (no gloves)
MR       +....                  (boots unavailable)
Stlth    +.........             p - +3 amulet of reflection
HPRegen  0.11/turn              r - ring of protection from magic
MPRegen  0.12/turn              (no ring)

@: singing
A: beak, talons 3, able to fly 1
a: Fly


You were on level 4 of the Dungeon.
You were not hungry.

You visited 1 branch of the dungeon, and saw 4 of its levels.

You collected 205 gold pieces.

Inventory:

Hand Weapons
 a - a +1 falchion of flaming (weapon)
 l - a +0 falchion
Missiles
 o - 11 poisoned needles
 t - a tomahawk (quivered)
Armour
 b - a +0 leather armour (worn)
Jewellery
 p - a +3 amulet of reflection (around neck)
 r - a ring of protection from magic (left hand)
Wands
 m - a wand of paralysis (12)
Scrolls
 e - a scroll of immolation {unknown}
 f - 6 scrolls of identify {unknown}
 g - 2 scrolls of amnesia {unknown}
 i - 2 scrolls of magic mapping {unknown}
 j - a scroll of teleportation {unknown}
 k - a scroll of remove curse {unknown}
 n - a scroll of enchant armour {unknown}
 q - a scroll of enchant weapon {unknown}
Potions
 h - a potion of heal wounds {unknown}
Books
 c - a book of Battle

   Spells                             Type                      Level
   a - Infusion                       Charms                       1
   b - Shroud of Golubria             Charms/Translocation         2
   c - Song of Slaying                Charms                       2
   d - Spectral Weapon                Hexes/Charms                 3
   e - Regeneration                   Charms/Necromancy            3
Comestibles
 d - 6 rations


   Skills:
 - Level 2.0 Fighting
 + Level 7.9 Long Blades
 - Level 1.1 Armour
 - Level 2.1 Dodging
 - Level 2.0 Spellcasting
 - Level 2.4 Charms


You had one spell level left.
You knew the following spells:

 Your Spells              Type           Power        Failure   Level  Hunger
a - Infusion              Chrm           #...         12%         1    ##.....
b - Song of Slaying       Chrm           #.......     17%         2    ###....
c - Spectral Weapon       Hex/Chrm       #.......     50%         3    ####...
f - Shroud of Golubria    Chrm/Tloc      #.........   28%         2    ###....


Dungeon Overview and Level Annotations

Branches:
Dungeon (4/15)
 Temple: D:4-7

Altars:
Elyvilon
Makhleb

Annotations:
D:2 Sigmund
D:3 dig


Innate Abilities, Weirdness & Mutations

You have a beak for a mouth.
You have claws for feet.
You can fly.


Message History

The gnoll closely misses you.
You barely miss the gnoll. Your kick misses the gnoll.
The gnoll is lightly wounded.
The gnoll misses you. The gnoll closely misses you.
You slash the gnoll! You burn the gnoll.
You kill the gnoll!
The gnoll hits you from afar with a halberd!
You block the gnoll's attack.
Things that are here:
a halberd; a gnoll corpse You barely miss the gnoll.
You block the gnoll's attack. The gnoll hits you with a halberd.
You hit the gnoll but do no damage. The gnoll closely misses you.
The gnoll hits you with a halberd!
You are too injured to fight recklessly!
You hit the gnoll. You burn the gnoll. Your peck misses the gnoll.
The gnoll is moderately wounded.
The gnoll hits you from afar with a spear.
The gnoll hits you with a halberd!
You die...

.... .............#
#############.#.#.##+#
........#............#
........#.....#.#....#
........#............#
........+....#.......#
........#...>#..g....#
.##....#####+###g....#
.##....# #...###@....#
.......# +...........#
.......###...........#
.......#.............#
.......'.............#
.......#.............#
.##...###...####.....#
###...###...####.....#
.......#.............#


You could see 2 gnolls.

Vanquished Creatures
  A phantom (D:3)
  A scorpion (D:4)
  A crimson imp (D:3)
  An orc priest (D:4)
  A worker ant (D:3)
  8 gnolls
  An adder (D:3)
  An adder skeleton (D:4)
  3 worms
  5 leopard geckos
  9 orcs
  3 giant cockroaches
  8 goblins
  7 hobgoblins
  9 jackals
  9 kobolds
  2 quokkas (D:3)
  8 bats
  4 frilled lizards
  13 rats
95 creatures vanquished.

Notes
Turn   | Place    | Note
-------+----------+-------------------------------------------
     0 | D:1      | mopl the Tengu Skald began the quest for the Orb.
     0 | D:1      | Reached XP level 1. HP: 12/12 MP: 4/4
    46 | D:1      | Reached skill level 3 in Long Blades
    46 | D:1      | Reached XP level 2. HP: 8/17 MP: 0/6
    57 | D:1      | Learned a level 2 spell: Song of Slaying
    60 | D:1      | Learned a level 2 spell: Shroud of Golubria
   339 | D:1      | Reached XP level 3. HP: 20/21 MP: 7/7
   513 | D:1      | Reached skill level 4 in Long Blades
  1053 | D:2      | Found a burning altar of Makhleb.
  1087 | D:2      | Reached XP level 4. HP: 19/26 MP: 5/8
  1408 | D:2      | Noticed Sigmund
  1416 | D:2      | Noticed an orc warrior
  1497 | D:3      | Reached skill level 5 in Long Blades
  1519 | D:3      | Noticed a phantom
  1746 | D:3      | Killed a phantom
  1746 | D:3      | Reached skill level 6 in Long Blades
  1746 | D:3      | Gained mutation: You can fly. [Tengu growth]
  1746 | D:3      | Reached XP level 5. HP: 10/30 MP: 4/9
  1999 | D:3      | Reached XP level 6. HP: 19/35 MP: 2/10
  2256 | D:3      | Reached skill level 7 in Long Blades
  2588 | D:4      | Learned a level 3 spell: Spectral Weapon
  2636 | D:4      | Found a white marble altar of Elyvilon.
  3024 | D:4      | Slain by a gnoll

Skill      XL: |  1  2  3  4  5  6 |
---------------+-------------------+-----
Long Blades    | 3 4 6 7 |  7.9
Fighting       | |  2.0
Armour         | |  1.1
Dodging        | |  2.1
Spellcasting   | |  2.0
Charms         | |  2.4

Action                   |  1- 3 |  4- 6 || total
-------------------------+-------+-------++-------
Melee: Falchion          |    87 |   122 ||   209
       Kick              |    24 |    31 ||    55
       Peck              |    12 |    12 ||    24
Throw: Tomahawk          |       |     4 ||     4
 Cast: Infusion          |     9 |    15 ||    24
       Shroud of Golubri |     1 |     2 ||     3
       Song of Slaying   |       |     3 ||     3
  Eat: Chunk             |     1 |     7 ||     8
Armor: Leather armour    |    21 |    16 ||    37
Dodge: Dodged            |    66 |    66 ||   132
Block: Other             |       |     8 ||     8
       Rpst.: Falchion   |    20 |    16 ||    36
